 Dungeon Crawl Stone Soup version 0.30.1-11-g7821555f0a (webtiles) character file.

Game seed: 15693040456418634526

305 Okkudo the Chopper (level 6, 0/57 HPs)
             Began as a Hill Orc Monk on Dec 6, 2023.
             Slain by a gnoll
             ... wielding a +0 flail
             ... led by a gnoll bouda
              (9 damage)
             ... on level 5 of the Dungeon.
             The game lasted 00:08:47 (2898 turns).

Okkudo the Chopper (Hill Orc Monk)                  Turns: 2898, Time: 00:08:47

Health: 0/57       AC: 10    Str: 16    XL:     6   Next: 39%
Magic:  6/6        EV:  5    Int: 10    God:
Gold:   324        SH:  0    Dex: 13    Spells: 5/5 levels left

rFire   . . .        a - +0 hand axe
rCold   . . .        d - orb {light}
rNeg    . . .        h - +0 plate armour
rPois   .            (no helmet)
rElec   .            (no cloak)
rCorr   .            (no gloves)
SInv    .            (no boots)
Will    .....        (no amulet) Stlth
                     (no ring)
HPRegen 0.29/turn    (no ring)
MPRegen 0.10/turn

%: no passive effects
@: glowing
A: no striking features
a: no special abilities


You were on level 5 of the Dungeon.
You visited 1 branch of the dungeon, and saw 5 of its levels.

You collected 324 gold pieces.

Inventory:

Hand Weapons
 a - a +0 hand axe (weapon)
Missiles
 j - 10 poisoned darts (quivered)
Armour
 d - an orb of light (worn)
 h - a +0 plate armour (worn)
Wands
 r - a wand of iceblast (5)
 s - a wand of acid (4)
Scrolls
 b - 2 scrolls of poison {unknown}
 e - 2 scrolls of teleportation {unknown}
 f - 2 scrolls of immolation {unknown}
 k - 2 scrolls of blinking {unknown}
 l - a scroll of amnesia {unknown}
 m - a scroll of magic mapping {unknown}
 n - 4 scrolls of identify {unknown}
 o - a scroll of noise {unknown}
 q - a scroll of enchant armour {unknown}
Potions
 c - a potion of ambrosia
 g - a potion of lignification {unknown}
 i - 2 potions of mutation {unknown}
 p - a potion of curing
 t - a potion of flight {unknown}


   Skills:
 + Level 5.6 Fighting
 * Level 6.2 Axes
 - Level 3.8 Dodging


You had 5 spell levels left.
You didn't know any spells.
Your spell library was empty.

Dungeon Overview and Level Annotations

Branches:
Dungeon (5/15)
 Temple: D:4-7

Altars:
The Shining One

Shops:
D:1 :


Message History

The orc wizard gestures at you while chanting.
The puff of flame hits you.
You barely miss the orc. You hit the orc wizard. You hit the orc.
The orc hits you with a +0 club. The orc hits you but does no damage.
The gnoll hits you from afar with a +0 spear.
The orc wizard hits you but does no damage.
The orc attacks as you move away! The orc hits you but does no damage.
The orc attacks as you move away! The orc hits you with a +0 flail.
The orc attacks as you move away! The orc hits you but does no damage.
A gnoll comes into view.
It is wielding a +0 flail and wearing an orb of wrath.
The gnoll shouts!
A gnoll comes into view. It is wielding a +0 club.
A kobold comes into view. It is wielding a +0 club.
A gnoll bouda comes into view. It is wielding a +0 club.
The kobold shouts!
The gnoll bouda shouts!
The orc attacks as you move away! The orc hits you but does no damage.
A gnoll comes into view. It is wielding a +0 spear.
The gnoll hits you with a +0 flail.
There is a stone staircase leading down here.
The gnoll shouts!
The gnoll hits you with a +0 flail.
You climb downwards.
There is a stone staircase leading up here.
You barely miss the gnoll. You hit the orc. The gnoll hits you with a +0 flail.
The orc hits you but does no damage.
You hit the gnoll.
The gnoll is lightly wounded.
You hit the orc. The orc hits you but does no damage.
The gnoll goes berserk!
The gnoll hits you with a +0 flail.
You slash the gnoll!
The gnoll is heavily wounded.
You barely miss the orc. The gnoll hits you with a +0 flail!
* * * LOW HITPOINT WARNING * * *
The orc hits you but does no damage. The gnoll barely misses you.
You barely miss the gnoll.
The gnoll is heavily wounded.
You hit the orc.
You kill the orc!
The gnoll hits you with a +0 flail!
You die...

### ### ..
# #.. ..
.? #.8#8
.# #.#$
..##
#.8#8....
#.)....#
#@g....#
#.†.......
#.###.)###
#. .# #. #
#. #. #.


You could see a gnoll (berserk).

Vanquished Creatures
  An ogre (D:4)
  A hound (D:4)
  An iguana (D:4)
  Natasha (thrice) (D:3)
  A gnoll (D:3)
  2 adders
  A worm (D:2)
  3 dart slugs
  An orc (D:5)
  A bat (D:2)
  6 endoplasms
  4 giant cockroaches
  4 hobgoblins
  A jackal (D:4)
  4 quokkas
  6 ball pythons
  5 frilled lizards
  3 goblins
  9 kobolds
  A rat (D:2)
58 creatures vanquished.

Notes
Turn   | Place    | Note
-------+----------+-------------------------------------------
     0 | D:1      | Okkudo the Hill Orc Monk began the quest for the Orb.
     0 | D:1      | Reached XP level 1. HP: 19/19 MP: 1/1
   203 | D:1      | Reached XP level 2. HP: 26/27 MP: 2/2
   441 | D:1      | Found Winuwk's Vocational Training.
   876 | D:2      | Reached XP level 3. HP: 31/33 MP: 3/3
  1627 | D:3      | Noticed Natasha
  1644 | D:3      | Killed Natasha
  1645 | D:3      | Reached skill level 5 in Axes
  1645 | D:3      | Reached XP level 4. HP: 27/41 MP: 4/4
  1735 | D:3      | Noticed Natasha
  1750 | D:3      | Killed Natasha
  1934 | D:3      | Found a glowing golden altar of the Shining One.
  1978 | D:3      | Noticed Natasha
  1990 | D:3      | Killed Natasha
  1991 | D:3      | Reached XP level 5. HP: 25/47 MP: 5/5
  2465 | D:4      | Reached skill level 5 in Fighting
  2731 | D:4      | Noticed an ogre
  2757 | D:5      | Entered Level 5 of the Dungeon
  2816 | D:4      | Killed an ogre
  2817 | D:4      | Reached skill level 6 in Axes
  2817 | D:4      | Reached XP level 6. HP: 44/57 MP: 6/6
  2898 | D:5      | Slain by a gnoll

Illustrated notes

Levels and vault maps discovered:
D:1:      elethiomel_arrival_maze, layout_basic, nicolae_shop_vocational
D:2:      layout_loops_corners
D:3:      layout_loops_ring, tso_oasis_becter, uniq_natasha
D:4:      layout_rooms, nemelex_xobeh_ov_fountains_minmay,
          nicolae_overflow_hidden_temple, mainiacjoe_overflow_paths,
          minmay_fractal_squares_5
D:5:      layout_loops_cross, mainiacjoe_overflow_catwalk, minmay_statues_item,
          uniq_edmund, uniq_menkaure

Skill      XL: |  1  2  3  4  5 |
---------------+----------------+-----
Fighting       | 4 5 |  5.6
Axes           | 5 6 |  6.2
Dodging        | 3 |  3.8

Action                     |  1- 3 |  4- 6 || total
---------------------------+-------+-------++-------
  Melee: Hand axe          |   119 |    82 ||   201
  Throw: Dart              |       |     3 ||     3
 Armour: Plate armour      |    70 |    86 ||   156
  Dodge: Dodged            |    18 |    38 ||    56
